 Dungeon Crawl Stone Soup version 0.26.0-10-g1f06aea511 (webtiles) character file.

Game seed: 12960719993043553208

38 trm the Conjurer (level 3, 14/24 HPs)
             Began as a Demonspawn Conjurer on Jan 21, 2021.
             Quit the game on level 2 of the Dungeon.
             The game lasted 00:02:57 (1725 turns).

trm the Conjurer (Demonspawn Conjurer)              Turns: 1725, Time: 00:02:58

Health: 14/24      AC:  2    Str:  7    XL:     3   Next: 25%
Magic:  0/8        EV: 12    Int: 22    God:
Gold:   58         SH:  0    Dex: 11    Spells: 6/9 levels left

rFire    . . .     SeeInvis .   c - +0 dagger
rCold    . . .     Faith    .   (no shield)
rNeg     . . .     Spirit   .   a - +0 robe
rPois    .         Reflect  .   (no helmet)
rElec    .         Harm     .   (no cloak)
rCorr    .         Rampage  .   (no gloves)
Will     .....                  (no boots)
Stlth    ++........             (no amulet)
HPRegen  0.08/turn              (no ring)
MPRegen  0.11/turn              (no ring)

@: quite poisoned (14 -> 5)
A: miasma immunity, big brain 1
a: no special abilities


You were on level 2 of the Dungeon.
You visited 1 branch of the dungeon, and saw 2 of its levels.

You collected 58 gold pieces.

Inventory:

Hand Weapons
 b - a +0 club
 c - a +0 dagger (weapon)
Armour
 a - a +0 robe (worn)
Scrolls
 d - 2 scrolls of remove curse {unknown}
 f - 4 scrolls of identify {unknown}
 h - a scroll of magic mapping {unknown}
Potions
 e - a potion of might {unknown}
 g - a potion of brilliance {unknown}


   Skills:
 - Level 1.7 Dodging
 - Level 1.7 Stealth
 + Level 3.5 Spellcasting
 - Level 4.0 Conjurations


You had 6 spell levels left.
You knew the following spells:

 Your Spells              Type           Power        Failure   Level
a - Magic Dart            Conj           84%          2%          1
b - Searing Ray           Conj           42%          3%          2

Your spell library contained the following spells:

 Spells                   Type           Power        Failure   Level
 Dazzling Flash           Conj/Hex       24%          16%         3
 Fulminant Prism          Conj/Hex       6%           45%         4
 Iskenderun's Mystic Bla  Conj/Tloc      12%          45%         4


Dungeon Overview and Level Annotations

Branches:
Dungeon (2/15)

Altars:
Hepliaklqana


Innate Abilities, Weirdness & Mutations

You are immune to miasma.
You have an unusually large brain. (Int +2)


Message History

Your experience leads to an increase in your attributes!
Increase (S)trength, (I)ntelligence, or (D)exterity?
You feel clever.
Your demonic ancestry asserts itself...
You feel immune to miasma.
Casting: Searing Ray (safe; 3% risk of failure)
Confirm with . or Enter, or press ? or * to list all spells.
Aiming: Searing Ray (safe; 3% risk of failure)
Press: ? - help, Shift-Dir - straight line, f - adder
Aim: an adder (moderately wounded, 37% to evade)
The searing ray hits the adder.
The adder is severely wounded. (Press . to maintain the ray.)
You feel sick. The adder bites you but does no damage.
The searing ray hits the adder!
You kill the adder!
You feel sick.
Without enough magic to sustain it, your searing ray dissipates.
You feel sick.
Autopickup is now off.
Are you sure you want to abandon this character and quit the game? (Confirm with "yes".)

### ##### ...
...####
#.#######.....
#...........# #.#
#)†# ###.#####
#@.##
#.......####...#
#.#####).....#..#
#.# #.##...#.....
#.#
#..#####.....# #
#.# #####...#
##..# #
#.####.§§§._.#
..# #
#......###...# .#
# ###......#####.


There were no monsters in sight!

Vanquished Creatures
  An adder (D:2)
  An ooze (D:1)
  A giant cockroach (D:1)
  4 goblins (D:1)
  A hobgoblin (D:2)
  6 jackals (D:1)
  3 kobolds (D:1)
  A bat (D:1)
  2 frilled lizards
  5 rats (D:1)
25 creatures vanquished.

Vanquished Creatures (others)
  2 plants (D:1)
2 creatures vanquished.

Grand Total: 27 creatures vanquished

Notes
Turn   | Place    | Note
-------+----------+-------------------------------------------
     0 | D:1      | trm the Demonspawn Conjurer began the quest for the Orb.
     0 | D:1      | Reached XP level 1. HP: 13/13 MP: 3/3
   411 | D:1      | Gained mutation: You have an unusually large brain. (Int
                  | +2) [demonic ancestry]
   411 | D:1      | Reached XP level 2. HP: 19/19 MP: 3/5
   414 | D:1      | Learned a level 2 spell: Searing Ray
  1658 | D:2      | Found a hazy altar of Hepliaklqana.
  1722 | D:2      | Gained mutation: You are immune to miasma. [demonic
                  | ancestry]
  1722 | D:2      | Reached XP level 3. HP: 17/24 MP: 3/7
  1725 | D:2      | Quit the game

Illustrated notes

Levels and vault maps discovered:
D:1:      dpeg_arrival_renting, layout_basic, serial_bayou_lagoon_a
D:2:      minmay_evil_eye, layout_loops_ring, nzn_hepliaklqana_mist_gate,
          chequers_ecumenical_altar_twisty, kennysheep_generic_room_7

Skill      XL: |  1  2 |
---------------+-------+-----
Spellcasting   | 3 |  3.5
Dodging        | |  1.7
Stealth        | |  1.7
Conjurations   | |  4.0

Action                   || total
-------------------------++-------
Melee: Dagger            ||    25
 Cast: Magic Dart        ||    27
       Searing Ray       ||     8
Armor: Robe              ||     7
Dodge: Dodged            ||    20
